Map: Neon Violet Square LE

Players

ImALittlePiG

  • Race: Terran Terran
  • League: Diamond
  • Spawn Location: 11:00

Dessa - Winner!

  • Race: Zerg Zerg
  • League: Diamond
  • Spawn Location: 5:00

VOD

Have the link to the VOD?

Description

Time

  • Played on: Dec. 13, 2017, 6:05 a.m.
  • Length: 7:23
Show
View Real Time Build Order
Export as new Build Order

ImALittlePiG Terran 

Build Orders: Reaper Expand 

Get SALT Encoding   

  12  0:01  SCV  
  13  0:13  SCV  
  14  0:18  Supply Depot  
  14  0:25  SCV  
  15  0:30  Refinery  
  15  0:40  SCV  
  16  0:46  Barracks  
  16  0:52  SCV  
  17  1:04  SCV  
  18  1:16  SCV  
  19  1:33  Orbital Command  
  19  1:34  Reaper  
  20  1:46  Command Center  
  20  1:57  Factory  
  20  2:02  SCV  
  21  2:08  Supply Depot  
  21  2:12  Barracks Reactor  
  22  2:15  SCV  
  22  2:24  Bunker  
  22  2:28  Refinery  
  22  2:36  SCV  
  23  2:46  Factory Tech Lab  
  23  2:48  SCV  
  24  2:55  Marine x2  
  26  2:58  Supply Depot  
  26  2:59  Orbital Command  
  26  3:00  SCV  
  27  3:11  Siege Tank  
  27  3:12  SCV  
  31  3:21  Marine  
  31  3:24  SCV  
  33  3:35  SCV  
  33  3:36  SCV  
  35  3:42  Starport  
  35  3:47  SCV  
  36  3:51  SCV  
  36  3:54  Marine x2  
  36  3:55  Siege Tank  
  41  3:59  SCV  
  42  4:03  SCV, Supply Depot  
  43  4:11  SCV  
  43  4:15  SCV  
  45  4:17  Marine x2  
  45  4:23  SCV  
  48  4:26  Viking  
  48  4:27  Siege Tank  
  48  4:29  SCV  
  54  4:35  SCV  
  55  4:41  Marine x2  
  55  4:42  Supply Depot  
  55  4:43  Supply Depot  
  57  4:49  Refinery  
  57  4:52  Refinery, SCV x2  
  59  4:56  Medivac  
  61  5:01  Barracks x2, Marine  
  61  5:03  Marine, Barracks  
  63  5:14  Siege Tank  
  63  5:20  SCV x2  
  68  5:27  Command Center  
  68  5:32  SCV x2  
  68  5:33  Supply Depot, Marine x2  
  72  5:40  Starport Reactor  
  72  5:44  SCV x2  
  69  6:10  Marine x2  
  57  6:13  Barracks Tech Lab x2  
  57  6:14  Barracks Tech Lab  
  57  6:15  Barracks Reactor  
  57  6:17  Medivac x2  
  60  6:25  Engineering Bay  
  60  6:26  Armory, Engineering Bay  
  60  6:28  Marine x2  
  60  6:32  Siege Tank  
  65  6:36  Supply Depot  
  65  6:37  Marine  
  65  6:38  Marine  
  67  6:40  SCV x2  
  67  6:45  Orbital Command  
  67  6:46  Marine x2  
  71  6:52  SCV  
  72  6:56  Missile Turret  
Show
View Real Time Build Order
Export as new Build Order

Dessa Zerg - Winner!

Build Orders: Hatch First 

Get SALT Encoding   

  12  0:01  Drone  
  13  0:13  Overlord  
  13  0:18  Drone  
  14  0:31  Drone x2  
  14  0:35  Drone  
  17  0:55  Hatchery  
  16  0:59  Drone  
  17  1:12  Spawning Pool  
  17  1:16  Drone  
  17  1:19  Extractor  
  17  1:21  Drone  
  17  1:38  Drone  
  18  1:40  Drone x2  
  20  1:53  Overlord  
  20  1:58  Queen  
  22  2:09  Queen  
  23  2:18  Zergling x2  
  23  2:19  Zergling x2  
  25  2:33  Hatchery  
  24  2:53  Drone x3  
  24  2:54  Drone x3  
  30  3:00  Metabolic Boost  
  30  3:04  Drone  
  31  3:14  Drone  
  31  3:18  Overlord  
  32  3:20  Overlord  
  32  3:39  Queen  
  34  3:50  Queen  
  34  3:53  Drone x5  
  41  3:58  Lair  
  41  4:00  Drone x2, Extractor  
  42  4:03  Extractor  
  42  4:04  Drone, Extractor  
  42  4:09  Drone x2  
  43  4:13  Drone  
  44  4:18  Drone, Evolution Chamber  
  44  4:26  Overlord  
  44  4:36  Drone  
  44  4:37  Drone x2  
  44  4:38  Drone x3, Overlord  
  50  4:45  Zerg Melee Weapons Level 1  
  50  4:48  Zergling x4  
  52  5:00  Drone x3  
  52  5:03  Drone  
  52  5:04  Spire  
  52  5:05  Drone  
  52  5:06  Drone x3  
  59  5:11  Zergling x4  
  59  5:12  Zergling x2  
  62  5:14  Zergling x2  
  63  5:32  Zergling x4  
  63  5:33  Zergling x16  
  63  5:34  Zergling x2  
  74  5:44  Extractor  
  74  5:45  Extractor, Overlord x2  
  74  5:48  Pneumatized Carapace  
  68  6:15  Drone x2  
  68  6:16  Drone x2  
  68  6:17  Drone x3  
  68  6:18  Drone, Mutalisk x2  
  76  6:22  Overlord x2  
  80  6:53  Hatchery  
  79  6:58  Mutalisk x2  
Tags
 
Add a new tag
Caveats
  • Supply blocks, unpowered buildings, or Contaminate may cause inaccurate times.
  • Supply counts are checked every 10 seconds.